 Dungeon Crawl Stone Soup version 0.29-a0-25-g7f48f510a0 (webtiles) character file.

Game seed: 2188299446933744818

38227 riojii the Warrior (level 14, -8/116 HPs)
             Began as a Djinni Air Elementalist on Feb 1, 2022.
             Was an Initiate of Ashenzari.
             Killed from afar by an oklob plant (17 damage)
             ... with a splash of acid
             ... on level 5 of the Lair of Beasts.
             The game lasted 00:59:20 (27270 turns).

riojii the Warrior (Djinni Air Elementalist)       Turns: 27270, Time: 00:59:20

Health: -8/116     AC:  0    Str: 11    XL:     14   Next: 33%
Gold:   1222       EV: 33    Int: 31    God:    Ashenzari [......] SH:  0 Dex: 14

rFire   + + .      SeeInvis .   y - +5 dagger
rCold   x . .      Faith    .   (no shield)
rNeg    . . .      Spirit   .   f - +0 steam dragon scales
rPois   ∞          Reflect  .   b - +2 helmet
rElec   +          Harm     .   F - +2 cloak
rCorr   .          Rampage  .   l - +0 pair of gloves
Will    ++...                   (boots unavailable)
Stlth   ++++......              v - amulet of the acrobat
HPRegen 0.29/turn               e - ring "Behold Eternity" {rElec Will+ Str+4 Int+3, Cun, Self} (curse)
MPRegen 0.00/turn               z - +6 ring of intelligence

@: corroded, acrobatic, flying, studying 2 skills
A: sickness immunity, fire resistance 2, cold vulnerability 1, float, innate
caster, HP casting, extra vitality 1
a: Renounce Religion, Curse Item, Shatter the Chains


You were on level 5 of the Lair of Beasts.
You worshipped Ashenzari.
Ashenzari was noncommittal.
You visited 3 branches of the dungeon, and saw 17 of its levels.
You also visited: Volcano.

You collected 1222 gold pieces.

Inventory:

Hand Weapons
 y - a +5 dagger (weapon)
Armour
 b - a +2 helmet (worn)
 f - +0 steam dragon scales (worn)
 l - a +0 pair of gloves (worn)
 w - a +1 ring mail of poison resistance
 F - a +2 cloak (worn)
Jewellery
 d - a ring of fire
 e - the cursed ring "Behold Eternity" (left hand) {rElec Will+ Str+4 Int+3, Cun, Self}
   (You acquired it on level 8 of the Dungeon)

   [ring of willpower]

   Str:       It affects your strength (+4).
   Int:       It affects your intelligence (+3).
   rElec:     It insulates you from electricity.
   Will:      It increases your willpower.
   It has a curse which improves the following skills: Cunning: Dodging and
   Stealth.
   Introspection: Fighting and Spellcasting.
 k - a ring of ice
 v - an amulet of the acrobat (around neck)
 z - a +6 ring of intelligence (right hand)
 H - a ring of see invisible
Wands
 h - a wand of paralysis (9)
 q - a wand of flame (32)
 x - a wand of iceblast (6)
 G - a wand of polymorph (2)
 K - a wand of acid (7)
Scrolls
 a - a scroll of fear
 g - 2 scrolls of blinking
 i - 2 scrolls of immolation
 j - 7 scrolls of teleportation
 o - 3 scrolls of identify
 B - 2 scrolls of silence
 E - a scroll of noise {unknown}
 I - a scroll of holy word {unknown}
 J - a scroll of enchant armour
Potions
 c - 3 potions of heal wounds
 m - 4 potions of lignification
 n - 4 potions of curing
 p - 4 potions of brilliance
 r - 3 potions of attraction
 s - 4 potions of might
 t - a potion of mutation
 u - 5 potions of berserk rage
 A - 3 potions of magic {unknown}
 C - 3 potions of ambrosia {unknown}
 D - a potion of haste {unknown}
 L - a potion of experience {unknown}


   Skills:
 + Level 15.8(16.2) Fighting
 + Level 12.6(13.0) Dodging
 - Level 7.2(7.7) Stealth
 * Level 11.3(11.7) Spellcasting


You had 7 spell levels left.
You knew the following spells:

 Your Spells              Type           Power      Damage    Failure   Level
a - Shock                 Conj/Air       100%       1d9       1%          1
b - Static Discharge      Conj/Air       74%        N/A       1%          2
c - Swiftness             Air            74%        N/A       1%          3
d - Airstrike             Air            37%        N/A       1%          4
e - Sandblast             Erth           100%       2d20      1%          1
f - Searing Ray           Conj           100%       2d8       1%          2
g - Summon Guardian Gole  Hex/Summ       74%        N/A       1%          3
h - Mephitic Cloud        Conj/Pois/Air  74%        N/A       1%          3
i - Summon Mana Viper     Hex/Summ       74%        N/A       1%          5
j - Yara's Violent Unrav  Hex/Tmut       37%        3d15      1%          5
Your spell library was empty.

Dungeon Overview and Level Annotations

Branches:
Dungeon (11/15)            Temple (1/1) D:7            Lair (5/6) D:10
  Swamp (0/4) Lair:2        Snake (0/4) Lair:3      Volcano (visited)
  Slime: Lair:5-6       Orc: D:9-12

Altars:
Ashenzari
Cheibriados
Dithmenos
Elyvilon
Fedhas
Gozag
Hepliaklqana
Kikubaaqudgha
Makhleb
Nemelex Xobeh
Okawaru
Qazlal
Ru
Sif Muna
Trog
Uskayaw
Vehumet
Wu Jian
Xom
Yredelemnul
Zin
The Shining One

Portals:
Trove: D:10 (give +2 shadow dragon scales)

Annotations:
D:1 1 runed translucent door
D:11 Erolcha
Lair:5 exclusion: 3 oklob plants


Innate Abilities, Weirdness & Mutations

You are immune to sickness and miasma.
You are immune to poison.
Your flesh is very heat resistant. (rF++)
You are vulnerable to cold. (rC-)
You float through the air rather than walking.
You learn spells naturally, not from books.
Your magical power is your life essence.
You have superior vitality. (+4 MHP)


Message History

Partly explored, can't reach some items and places.
You reach down and open the door.
There is an open door here.
You see here a wyvern skeleton.
Really fly into a travel-excluded area?
The oklob plant spits acid at you. The splash of acid misses you.
Casting: Airstrike (safe; 1% risk of failure)
Confirm with . or Enter, or press ? or * to list all spells.
A guardian golem appears, shielding your allies.
The oklob plant spits acid at you. The splash of acid hits you.
The oklob plant spits acid at you. The splash of acid misses you.
The oklob plant spits acid at you. The splash of acid hits you!
The acid corrodes you! What are your orders? t - Shout!
Orders for allies: a - Attack new target. r - Retreat! s - Stop attacking. g - Guard the area. f - Follow me.
Anything else - Cancel.
Gang up on whom?
Press: ? - help, Dir - move target, f - oklob plant
Aim: an oklob plant Attack!
The oklob plant spits acid at you. The splash of acid hits you!!
The oklob plant spits acid at you. The splash of acid hits you!
The acid corrodes you! The oklob plant spits acid at you.
The splash of acid hits you!!
* * * LOW HITPOINT WARNING * * *
The acid corrodes you! The oklob plant spits acid at you.
The splash of acid hits you!!
* * * LOW HITPOINT WARNING * * *
The oklob plant spits acid at you. The splash of acid hits you!
You die...

#########
###..@....###
###...÷........
#.....#9......P
##....####.$...
##....## ##..P
#.....#### #P
##.....#.##
##.....#.##
##.......#


You could see 3 oklob plants and a friendly guardian golem (summoned).

Vanquished Creatures
  A hydra (Lair:4)
  A boulder beetle (Lair:2)
  A lindwurm (Lair:5)
  A will-o-the-wisp (Lair:2)
  A torpor snail (Lair:4)
  8 black mambas
  14 cane toads
  11 komodo dragons
  3 rime drakes
  2 kobold demonologists (D:10)
  3 meliai (Lair:4)
  A troll (D:10)
  A polar bear (Lair:2)
  A hornet (D:8)
  25 blink frogs
  Grinder (D:3)
  A centaur simulacrum (D:10)
  24 yaks
  10 wyverns
  A wraith (D:11)
  A basilisk (D:10)
  3 fire elementals (Volcano)
  Menkaure (D:4)
  4 steam dragons
  A vampire mosquito (D:11)
  A hornet zombie (D:7)
  8 hell hounds
  16 water moccasins
  A black bear (Lair:4)
  4 orc warriors
  A sky beast (D:6)
  3 ogres (D:5)
  3 phantoms
  2 centaurs
  4 kobold brigands
  8 bullfrogs
  A wyvern skeleton (D:6)
  26 killer bees (Lair:4)
  5 electric eels
  3 howler monkeys (D:11)
  A centaur zombie (D:8)
  A crimson imp (D:6)
  A lava snake (Lair:2)
  A bullfrog zombie (D:7)
  3 hounds
  7 orc priests
  4 jellies
  An iguana (D:5)
  15 orc wizards
  2 hell rats (Lair:4)
  A hound skeleton (D:4)
  2 howler monkey zombies
  4 gnolls (D:3)
  7 adders
  2 white imps (D:6)
  2 ufetubi
  2 worms
  3 dart slugs
  32 orcs
  4 ball pythons
  6 bats
  8 endoplasms
  5 giant cockroaches
  12 goblins
  7 hobgoblins
  3 quokkas
  3 frilled lizards
  31 kobolds
  7 rats
384 creatures vanquished.

Vanquished Creatures (others)
  A boulder beetle (Lair:4)
  A lindwurm (Lair:4)
  An elephant (Lair:3)
  Joseph (D:10)
  A guardian serpent (shapeshifter) (D:10)
  A torpor snail (Lair:2)
  2 guardian mummies (D:10)
  A queen bee (Lair:4)
  A troll (D:6)
  Sigmund (D:6)
  5 yaks
  2 basilisks (D:10)
  2 vampire mosquitoes (D:8)
  2 water moccasins
  An acid dragon (D:10)
  3 orc warriors
  An ogre (D:4)
  2 killer bees (Lair:4)
  5 wights (D:8)
  A shadow imp (D:8)
  2 orcs (D:10)
  A kobold (D:10)
  32 fungi
  73 plants
143 creatures vanquished.

Grand Total: 527 creatures vanquished

Notes
Turn   | Place    | Note
-------+----------+-------------------------------------------
     0 | D:1      | riojii the Djinni Air Elementalist began the quest for the
                  | Orb.
     0 | D:1      | Reached XP level 1. HP: 15/15 MP: 0/0
     0 | D:1      | Noticed a jelly
     0 | D:1      | Noticed a jelly
     1 | D:1      | Found a runed translucent door.
   238 | D:1      | Reached XP level 2. HP: 14/22 MP: 0/0
   381 | D:1      | Reached skill level 1 in Fighting
  1016 | D:1      | Reached XP level 3. HP: 9/27 MP: 0/0
  1016 | D:1      | Learned a level 1 spell: Sandblast
  1604 | D:1      | You are sucked into a shaft and drop 1 floor!
  1604 | D:2      | Found an iron altar of Okawaru.
  1769 | D:2      | Found a faded altar of an unknown god.
  2772 | D:2      | Reached skill level 2 in Fighting
  2772 | D:2      | Reached XP level 4. HP: 30/33 MP: 0/0
  3518 | D:3      | Noticed Grinder
  3518 | D:3      | Paralysed by Grinder for 2 turns
  3531 | D:3      | Killed Grinder
  3532 | D:3      | Reached skill level 3 in Fighting
  3532 | D:3      | Reached XP level 5. HP: 2/40 MP: 0/0
  3532 | D:3      | Learned a level 2 spell: Searing Ray
  3532 | D:3      | Reached XP level 6. HP: 2/46 MP: 0/0
  4676 | D:3      | Found a white marble altar of Elyvilon.
  4676 | D:3      | Found a hide-covered altar of Uskayaw.
  4840 | D:4      | Noticed an ogre
  4984 | D:4      | Reached skill level 4 in Fighting
  4984 | D:4      | Reached XP level 7. HP: 7/52 MP: 0/0
  4984 | D:4      | Learned a level 3 spell: Summon Guardian Golem
  5592 | D:4      | Noticed Menkaure
  5607 | D:4      | Killed Menkaure
  6187 | D:5      | Entered Level 5 of the Dungeon
  6201 | D:5      | Reached skill level 5 in Fighting
  6201 | D:5      | Reached XP level 8. HP: 52/59 MP: 0/0
  6752 | D:5      | Reached skill level 5 in Dodging
  7030 | D:5      | Reached skill level 6 in Fighting
  7353 | D:6      | Found a basalt altar of Yredelemnul.
  7353 | D:6      | Found a burning altar of Makhleb.
  7841 | D:6      | Reached XP level 9. HP: 63/67 MP: 0/0
  7841 | D:6      | Learned a level 3 spell: Mephitic Cloud
  8167 | D:6      | Noticed a troll
  8168 | D:6      | Noticed Sigmund
  8196 | D:6      | Killed Sigmund
  8196 | D:6      | Killed a troll
  8197 | D:6      | Reached skill level 7 in Fighting
  8376 | D:6      | Reached skill level 5 in Stealth
  9242 | D:6      | Found an iron altar of Okawaru.
  9266 | D:6      | Found a stormy altar of Qazlal.
  9417 | D:7      | Found a sacrificial altar of Ru.
 10059 | D:7      | Found a staircase to the Ecumenical Temple.
 10068 | Temple   | Entered the Ecumenical Temple
 10275 | Temple   | Became a worshipper of Ashenzari the Shackled
 10477 | D:7      | Reached skill level 5 in Spellcasting
 10793 | D:8      | Noticed a hornet
 10807 | D:8      | Reached skill level 8 in Fighting
 10825 | D:8      | Killed a hornet
 10826 | D:8      | Reached XP level 10. HP: 63/76 MP: 0/0
 11769 | D:8      | Identified a scroll of acquirement
 11769 | D:8      | Acquired the ring of Zatag {rElec Will+ Str+4 Int+3}
 11801 | D:9      | Reached skill level 9 in Fighting
 12893 | D:10     | Entered Level 10 of the Dungeon
 13222 | D:10     | Noticed a guardian serpent
 13242 | D:10     | Killed a guardian serpent
 13424 | D:10     | Reached XP level 11. HP: 72/85 MP: 0/0
 13424 | D:10     | Learned a level 5 spell: Summon Mana Viper
 13614 | D:10     | Reached skill level 10 in Fighting
 13757 | D:10     | Found a portal to a secret trove of treasure.
 13821 | D:10     | Noticed Joseph
 13843 | D:10     | Killed Joseph
 14567 | D:10     | Found a staircase to the Lair.
 14919 | D:10     | Acquired a manual of Fighting
 15201 | D:11     | Reached skill level 11 in Fighting
 15569 | D:11     | Noticed a two-headed ogre
 15573 | D:11     | Noticed Erolcha
 15997 | Lair:1   | Entered Level 1 of the Lair of Beasts
 16899 | Lair:1   | Reached XP level 12. HP: 82/94 MP: 0/0
 17493 | Lair:2   | Noticed a boulder beetle
 17504 | Lair:2   | Killed a boulder beetle
 17505 | Lair:2   | Reached skill level 12 in Fighting
 18133 | Lair:2   | Reached skill level 10 in Dodging
 18571 | Lair:2   | Found a staircase to the Swamp.
 19410 | Lair:3   | Reached skill level 13 in Fighting
 19797 | Lair:3   | Found a staircase to the Snake Pit.
 20012 | Lair:3   | Reached XP level 13. HP: 85/104 MP: 0/0
 20012 | Lair:3   | Learned a level 5 spell: Yara's Violent Unravelling
 21301 | Lair:4   | Noticed a six-headed hydra
 21311 | Lair:4   | Killed a six-headed hydra
 21312 | Lair:4   | Reached skill level 14 in Fighting
 21927 | Lair:4   | Reached skill level 10 in Spellcasting
 23712 | Lair:4   | Reached skill level 15 in Fighting
 24508 | Lair:4   | Reached XP level 14. HP: 106/114 MP: 0/0
 25675 | Lair:5   | Found a dark tunnel.
 25695 | Volcano  | Entered a volcano
 27270 | Lair:5   | Killed from afar by an oklob plant

Illustrated notes

Levels and vault maps discovered:
D:1:      dpeg_arrival_caged_fury, layout_loops_corners
D:2:      layout_basic, basic_altar, shapermc_ecumenical_altar_petra,
          minmay_misc_feat_nine_boxes
D:3:      layout_loops_ring, gammafunk_temple_overflow_wave, serial_forest,
          infiniplex_forest_straight_2, infiniplex_forest_clump_double,
          infiniplex_forest_lined_3_way, infiniplex_forest_straight_2,
          infiniplex_forest_zigzag_1, infiniplex_forest_straight_3,
          minmay_close_crescents, uniq_grinder
D:4:      layout_gridville, uniq_menkaure
D:5:      layout_basic, bh_walls_and_bars
D:6:      layout_gridville, nicolae_overflow_hidden_temple,
          minmay_fire_ice_demons, uniq_sigmund
D:7:      layout_loops_ring, nicolae_ru_great_annihilating_truth,
          minmay_temple_entry_antechambers, enter_bailey_3
D:8:      layout_cave_pools, kennysheep_little_box
D:9:      layout_rooms
D:10:     layout_roguey, erik_lair_dragon, nicolae_trove_entry_path_of_doom,
          nrook_mini_vaults, minmay_chambers_of_fives, uniq_joseph
D:11:     layout_loops_ring, serial_shops, nicolae_take_the_stairs, shop,
          st_stairs_3, uniq_snorg, uniq_erolcha, uniq_erica
Temple:   nicolae_temple_figure_eight
Lair:1:   layout_roguey
Lair:2:   layout_gridlike, minmay_swamp_entry_wisps
Lair:3:   layout_regular_city, minmay_snake_entry_six_corridors,
          grunt_megastairs_4
Lair:4:   regret_index_wax_grids, layout_regular_city, grunt_megastairs_5
Lair:5:   layout_roguey, minmay_slime_entry_oklob_enclosed, enter_volcano_3,
          serial_bayou, serial_bayou_lagoon_b, serial_bayou_ford_a,
          serial_bayou_shore_a, serial_bayou_pond_c,
          chequers_serial_rivers_small_b

Skill      XL: |  1  2  3  4  5  6  7  8  9 10 11 12 13 14 |
---------------+-------------------------------------------+-----
Fighting       | 1 2 3 4 5 6 8 9 11 13 15 | 15.8
Stealth        | 2 3 4 5 6 7 |  7.2
Dodging        | 3 4 5 6 8 9 10 12 | 12.6
Spellcasting   | 3 4 5 7 9 10 11 | 11.3

Action                   |  1- 3 |  4- 6 |  7- 9 | 10-12 | 13-15 || total
-------------------------+-------+-------+-------+-------+-------++-------
Melee: Dagger            |       |       |       |       |     3 ||     3
 Cast: Shock             |    87 |    79 |   152 |    78 |       ||   396
       Static Discharge  |     4 |    14 |    53 |    57 |    45 ||   173
       Summon Guardian G |       |       |     8 |    40 |    18 ||    66
       Searing Ray       |       |       |    17 |    38 |       ||    55
       Mephitic Cloud    |       |       |       |     1 |       ||     1
       Airstrike         |       |       |       |   122 |   258 ||   380
Invok: Curse Item        |       |       |       |     1 |       ||     1
  Use: Scroll            |     2 |     7 |       |    15 |     1 ||    25
       Potion            |       |       |     1 |       |     2 ||     3
Armor: Robe              |     3 |     3 |    13 |     4 |       ||    23
       Steam dragon scal |       |       |       |    18 |    25 ||    43
Dodge: Dodged            |     6 |     7 |    70 |   162 |   108 ||   353

Table legend: (Time is in decaauts)
 A = Elapsed time spent in this place.
 B = Non-inter-level travel time spent in this place.
 C = Inter-level travel time spent in this place.
 D = Time resting spent in this place.
 E = Time spent auto-exploring this place.
 F = Levels seen in this place.
 G = Mean time per level.
                   A        B        C        D        E       F      G
               +--------+--------+--------+--------+--------+-----+--------+
         Total |  27282 |  26392 |    890 |   2015 |  21377 |  18 | 1515.7 |
       Dungeon |  15971 |  15364 |    607 |   1241 |  12260 |  11 | 1451.9 |
        Temple |    219 |    206 |     13 |      0 |    204 |   1 |  219.0 |
          Lair |  10684 |  10414 |    270 |    640 |   8712 |   5 | 2136.8 |
       Volcano |    406 |    406 |      0 |    134 |    201 |   1 |  406.0 |
               +--------+--------+--------+--------+--------+-----+--------+

Top non-repeatable levels by time:
  Lair:3: 3251 daAuts
    D:10: 2834 daAuts
  Lair:4: 2668 daAuts
     D:1: 2033 daAuts
     D:6: 1954 daAuts
  Lair:2: 1853 daAuts
     D:3: 1755 daAuts
  Lair:5: 1680 daAuts
     D:4: 1336 daAuts
  Lair:1: 1229 daAuts
     D:7: 1228 daAuts
     D:5: 1168 daAuts
     D:8: 1157 daAuts
     D:2: 1063 daAuts
     D:9: 977 daAuts
